Map: Dusk Towers

Players

kalusa

  • Race: Zerg Zerg
  • League: Diamond

LeaKyFaUceT - Winner!

  • Race: Protoss Protoss
  • League: Diamond

VOD

Have the link to the VOD?

Description

Time

  • Played on: Jan. 15, 2016, 8:10 a.m.
  • Length: 26:45
Show
View Real Time Build Order
Export as new Build Order

kalusa Zerg 

Build Orders: 3 Hatch before Pool 

Get SALT Encoding   

  12  0:01  Drone  
  13  0:13  Overlord  
  13  0:22  Drone  
  13  0:26  Drone, Extractor  
  15  0:33  Drone  
  16  0:36  Drone  
  17  1:08  Hatchery  
  16  1:18  Hatchery  
  16  1:23  Drone x2  
  16  1:24  Drone  
  18  1:41  Spawning Pool  
  18  1:44  Extractor  
  16  1:48  Drone x2  
  18  1:57  Drone  
  19  2:17  Drone  
  19  2:18  Drone  
  21  2:30  Drone x2  
  21  2:32  Drone x2  
  25  2:37  Queen x2  
  31  3:01  Spine Crawler  
  31  3:02  Spine Crawler  
  29  3:06  Spine Crawler  
  29  3:10  Spine Crawler  
  25  3:16  Queen x2  
  29  3:22  Metabolic Boost  
  29  3:30  Zergling x2  
  29  3:31  Zergling x2  
  31  4:01  Drone  
  31  4:02  Drone x2  
  34  4:03  Overlord x2  
  34  4:14  Lair  
  34  4:17  Extractor  
  31  4:43  Drone  
  31  4:44  Drone x15  
  45  4:50  Extractor  
  45  4:52  Extractor  
  43  4:58  Overlord x2  
  38  5:12  Overlord  
  38  5:14  Zergling x6  
  41  5:25  Zergling x6  
  41  5:26  Zergling x2  
  37  5:37  Zergling x2  
  37  5:38  Zergling x8  
  40  5:49  Spire  
  39  5:50  Drone  
  39  5:53  Drone x2  
  41  6:11  Drone x4  
  44  6:25  Queen  
  46  6:26  Overlord  
  46  6:38  Drone  
  46  6:39  Drone x5  
  52  6:43  Overlord  
  52  7:01  Spine Crawler  
  51  7:02  Spine Crawler  
  51  7:04  Spine Crawler  
  49  7:10  Mutalisk x3  
  49  7:12  Mutalisk  
  57  7:16  Mutalisk  
  57  7:21  Mutalisk  
  61  7:24  Mutalisk  
  60  7:49  Mutalisk x4  
  68  8:03  Mutalisk  
  68  8:05  Overlord  
  70  8:24  Overlord  
  70  8:25  Zergling x10  
  73  8:41  Mutalisk  
  73  8:42  Mutalisk x3  
  73  8:48  Overseer  
  78  8:55  Drone  
  73  8:56  Drone x3  
  73  9:01  Overseer  
  65  9:34  Pneumatized Carapace  
  65  9:54  Mutalisk x3  
  71  10:02  Zergling x2  
  71  10:03  Zergling x10  
  77  10:24  Mutalisk x2  
  77  10:26  Overlord x3  
  73  10:48  Zerg Flyer Weapons Level 1  
  73  11:07  Mutalisk x2  
  62  11:48  Overseer  
  53  12:08  Mutalisk  
  53  12:09  Mutalisk x3  
  53  12:14  Queen  
  53  12:15  Hatchery, Queen  
  65  12:21  Drone  
  65  12:22  Drone x5  
  68  12:38  Mutalisk x2  
  72  12:56  Mutalisk x2  
  74  13:07  Mutalisk  
  76  13:28  Hatchery  
  76  13:31  Drone  
  76  13:32  Drone x8  
  84  13:56  Zerg Flyer Weapons Level 2  
  84  14:00  Drone  
  85  14:03  Drone x3, Extractor  
  85  14:04  Extractor  
  85  14:05  Drone  
  85  14:07  Drone  
  85  14:09  Drone  
  89  14:55  Mutalisk x2  
  89  14:56  Mutalisk x6  
  105  15:02  Queen  
  105  15:05  Drone  
  105  15:06  Drone x2  
  96  15:40  Mutalisk x6  
  102  16:12  Mutalisk  
  102  16:13  Mutalisk x4  
  112  16:25  Overlord x6  
  112  16:45  Infestation Pit  
  104  17:51  Spire  
  69  19:06  Mutalisk x9  
  69  19:07  Mutalisk x3  
  85  19:48  Hatchery  
  36  21:55  Drone  
  36  21:56  Drone x2  
  37  22:21  Drone  
  37  22:22  Drone  
  39  22:31  Spawning Pool  
  38  23:20  Drone x3  
  38  23:21  Queen  
  43  23:33  Spawning Pool  
  41  23:49  Drone x2  
  43  24:01  Lair, Drone  
  44  24:13  Drone  
  45  24:27  Drone x2  
  48  24:31  Drone x3  
  26  25:34  Queen  
  28  25:39  Spire  
  28  25:40  Drone x3, Extractor  
  28  25:41  Drone x3, Extractor  
  31  26:09  Drone x2  
  32  26:13  Spine Crawler  
  27  26:19  Drone  
  27  26:25  Hatchery  
Show
View Real Time Build Order
Export as new Build Order

LeaKyFaUceT Protoss - Winner!

Build Orders:  

Get SALT Encoding   

  12  0:01  Probe (Chrono Boost)  
  13  0:11  Probe (Chrono Boost)  
  14  0:22  Pylon  
  14  0:23  Probe (Chrono Boost)  
  15  0:40  Probe (Chrono Boost)  
  16  0:43  Gateway  
  16  0:47  Assimilator  
  16  0:51  Probe (Chrono Boost)  
  17  1:01  Probe (Chrono Boost)  
  18  1:12  Probe (Chrono Boost)  
  18  1:16  Gateway  
  18  1:17  Pylon  
  19  1:22  Probe (Chrono Boost)  
  20  1:32  Cybernetics Core  
  20  1:34  Probe (Chrono Boost)  
  21  1:50  Pylon  
  21  1:58  Probe (Chrono Boost)  
  21  2:00  Zealot (Chrono Boost)  
  24  2:08  Zealot (Chrono Boost)  
  26  2:11  Mothership Core, Warp Gate  
  28  2:20  Pylon  
  28  2:25  Pylon  
  28  2:28  Adept (Chrono Boost)  
  32  2:44  Adept (Chrono Boost)  
  32  2:52  Adept (Chrono Boost)  
  32  2:55  Forge  
  34  3:14  Nexus  
  34  3:30  Pylon  
  34  3:35  Photon Cannon  
  34  3:39  Photon Cannon  
  34  3:41  Probe  
  35  3:50  Photon Cannon  
  35  3:57  Probe  
  36  4:03  Photon Cannon, Assimilator  
  36  4:12  Pylon  
  36  4:13  Probe  
  37  4:20  Protoss Ground Weapons Level 1  
  36  5:03  Photon Cannon  
  36  5:06  Photon Cannon  
  36  5:13  Probe  
  35  5:14  Probe  
  35  5:27  Probe  
  33  5:29  Probe  
  33  5:38  Robotics Facility  
  29  5:55  Adept  
  29  5:56  Adept  
  33  5:57  Probe  
  33  5:58  Probe  
  33  6:01  Assimilator  
  33  6:04  Pylon  
  35  6:06  Assimilator  
  35  6:07  Probe, Pylon  
  35  6:10  Probe, Pylon  
  37  6:13  Pylon  
  37  6:16  Pylon, Protoss Ground Armor Level 1  
  37  6:19  Twilight Council  
  37  6:21  Gateway  
  33  6:31  Gateway  
  33  6:38  Probe  
  33  6:40  Probe  
  33  6:47  Immortal  
  39  6:49  Probe  
  39  6:51  Zealot x2  
  39  6:52  Probe  
  45  6:58  Dark Shrine  
  45  6:59  Probe  
  45  7:07  Probe  
  47  7:11  Resonating Glaives, Probe  
  48  7:17  Adept  
  48  7:18  Adept  
  52  7:26  Adept  
  54  7:30  Adept  
  56  7:43  Photon Cannon  
  56  7:45  Photon Cannon  
  56  7:55  Stalker x3  
  56  7:56  Probe  
  56  7:58  Probe  
  64  8:04  Photon Cannon  
  64  8:09  Photon Cannon  
  64  8:23  Dark Templar x2  
  64  8:25  Dark Templar  
  70  8:39  Photon Cannon  
  70  8:41  Probe  
  70  8:43  Probe, Photon Cannon  
  72  8:58  Probe  
  72  8:59  Probe  
  72  9:11  Nexus  
  70  9:20  Dark Templar x2  
  70  9:21  Dark Templar  
  70  9:23  Stalker  
  70  9:26  Probe  
  70  9:27  Probe  
  70  9:30  Pylon  
  72  9:38  Pylon  
  72  9:39  Archon x2  
  72  9:47  Photon Cannon  
  72  9:50  Protoss Ground Weapons Level 2  
  72  9:56  Templar Archives  
  72  9:59  Photon Cannon  
  72  10:03  Photon Cannon  
  66  10:35  Stalker x4  
  66  10:39  Probe  
  66  10:40  Probe  
  72  10:50  Psionic Storm  
  72  10:52  Nexus  
  72  10:56  Photon Cannon  
  72  11:10  Dark Templar  
  74  11:12  Zealot  
  76  11:26  Photon Cannon  
  76  11:29  Photon Cannon  
  76  11:33  Photon Cannon  
  76  11:35  High Templar x3  
  78  12:02  Probe x2  
  78  12:04  Probe  
  81  12:11  Protoss Ground Weapons Level 3 (Chrono Boost)  
  81  12:14  Probe x2  
  81  12:15  Probe  
  83  12:18  High Templar  
  83  12:19  Stalker, High Templar x2  
  92  12:24  Assimilator  
  92  12:25  Pylon  
  92  12:28  Assimilator  
  92  12:29  Archon x2  
  92  12:30  Mothership Core  
  94  12:39  Blink (Chrono Boost)  
  94  12:46  Zealot  
  95  12:56  Probe x2  
  95  13:15  Probe  
  95  13:16  Probe x2  
  96  13:21  Assimilator  
  96  13:34  Pylon  
  96  13:36  Pylon  
  96  13:38  Pylon, High Templar x2  
  100  13:47  Probe x2  
  101  13:56  Probe  
  101  13:57  Nexus  
  101  13:59  Probe, Pylon  
  101  14:00  Pylon  
  103  14:04  Pylon  
  103  14:08  Photon Cannon  
  103  14:15  Pylon  
  103  14:17  Pylon  
  103  14:22  High Templar x4  
  111  14:25  Gateway  
  111  14:28  Gateway  
  111  14:30  Pylon  
  111  14:31  Archon  
  111  14:39  Photon Cannon  
  111  14:42  Photon Cannon  
  111  14:46  Photon Cannon  
  111  14:47  Photon Cannon  
  111  14:49  Photon Cannon  
  111  14:51  Photon Cannon  
  108  14:54  Zealot  
  108  14:55  Zealot x3  
  108  14:58  Probe x2  
  108  14:59  Assimilator  
  118  15:01  Probe  
  119  15:10  Probe  
  120  15:17  High Templar  
  120  15:18  High Templar x2  
  120  15:19  Gateway, High Templar  
  128  15:25  Gateway  
  126  15:29  Mothership Core  
  125  15:36  Photon Cannon  
  125  15:39  Photon Cannon  
  125  15:44  Probe x2  
  127  15:56  Pylon  
  126  15:59  Dark Templar  
  126  16:00  Dark Templar x3  
  134  16:14  Pylon  
  134  16:16  Pylon  
  134  16:17  Photon Cannon  
  134  16:18  Pylon  
  134  16:23  Assimilator  
  134  16:27  Pylon  
  134  16:31  Pylon  
  134  16:34  Pylon  
  134  16:35  Pylon  
  134  16:37  Pylon  
  132  16:45  High Templar x3  
  134  16:55  Photon Cannon, Assimilator  
  134  16:58  Photon Cannon  
  134  16:59  Photon Cannon  
  134  17:00  Photon Cannon  
  132  17:05  Observer  
  133  17:09  Photon Cannon  
  133  17:10  Photon Cannon  
  133  17:12  Photon Cannon  
  133  17:15  Photon Cannon  
  130  17:26  Observer  
  130  17:48  Probe x2  
  130  17:49  Probe  
  130  17:50  Probe  
  134  18:03  High Templar  
  134  18:04  High Templar x6  
  148  18:08  Cybernetics Core  
  148  18:11  Forge  
  144  18:23  Archon x2  
  144  18:24  Archon  
  108  18:44  High Templar x2  
  108  18:45  High Templar x2  
  116  18:49  Archon  
  116  18:50  Archon  
  116  19:05  Photon Cannon  
  116  19:15  Probe x2  
  117  19:17  Probe  
  119  19:36  Probe x2  
  119  19:38  Probe  
  122  19:40  Assimilator  
  122  19:47  Probe  
  123  19:56  Nexus  
  120  20:16  Probe x2  
  120  20:18  Probe  
  123  20:22  Photon Cannon  
  123  20:25  Photon Cannon  
  123  20:26  Probe x2  
  125  20:39  Protoss Shields Level 1  
  125  20:46  Pylon  
  92  21:35  Archon  
  88  21:49  Pylon  
  88  21:51  Pylon  
  88  21:56  Pylon  
  88  21:58  Pylon  
  86  22:35  Probe x2  
  86  22:41  Stalker x3  
  86  22:42  Stalker x4  
  101  23:01  Probe x2  
  101  23:03  Probe  
  101  23:05  Assimilator  
  103  23:06  Pylon  
  103  23:10  Observer  
  103  23:11  Probe  
  103  23:45  Probe x2  
  103  23:47  Probe x2  
  101  23:57  Stalker x3, Probe  
  101  23:58  Stalker x3  
  101  23:59  Stalker  
  116  24:03  Probe x2  
  116  24:04  Nexus  
  116  24:06  Pylon  
  118  24:11  Pylon  
  118  24:15  Pylon  
  118  24:21  High Templar x4  
  113  25:19  Stalker x3  
  113  25:20  Stalker  
  119  25:33  Probe x2  
  119  25:35  Probe  
  122  25:49  Nexus  
  121  25:55  Stalker x3  
  121  25:56  Stalker  
  129  26:14  Mothership Core  
  131  26:22  Pylon  
  131  26:26  Pylon  
  131  26:32  Nexus  
  131  26:35  Pylon  
  125  26:42  Photon Cannon  
Tags
 
Add a new tag
Caveats
  • Supply blocks, unpowered buildings, or Contaminate may cause inaccurate times.
  • Supply counts are checked every 10 seconds.